 Dungeon Crawl Stone Soup version 0.24-a0-537-g2d01d4ab0a (webtiles) character file.

Game seed: 9861112022022950292

136654 MordorOrchid the Covert (level 17, -12/90 HPs)
             Began as a Vine Stalker Assassin on Aug 5, 2019.
             Was a High Priest of Trog.
             Mangled by an anaconda simulacrum (27 damage)
             ... in an ice cave on Aug 12, 2019.
             The game lasted 03:02:38 (20320 turns).

MordorOrchid the Covert (Vine Stalker Assassin)    Turns: 20320, Time: 03:02:41

Health: -12/90     AC: 27    Str: 19    XL:     17   Next: 22%
Magic:  0/23       EV:  9    Int: 11    God:    Trog [*****.]
Gold:   409        SH: 13    Dex: 18    Spells: 16/16 levels left

rFire    + + .     SeeInvis +   a - +2 rapier (flame)
rCold    . . .     Gourm    .   B - +2 shield {reflect}
rNeg     . . .     Faith    .   D - +3 plate armour {rPois}
rPois    +         Spirit   +   x - +0 helmet
rElec    .         Reflect  +   t - +1 cloak {rF+}
rCorr    .         Harm     .   s - +2 pair of gloves
MR       ++...                  c - +0 pair of boots
Stlth    ++........             (no amulet)
HPRegen  1.05/turn              K - ring of protection from fire
MPRegen  0.18/turn              q - ring of see invisible

@: studying Stealth
A: fangs 3, regeneration 2, magic shield, antimagic bite, no potion heal 3, rot
immunity
a: Berserk, Trog's Hand, Brothers in Arms, Renounce Religion


You were in an ice cave.
You worshipped Trog.
Trog was extremely pleased with you.
You were not hungry.

You visited 6 branches of the dungeon, and saw 27 of its levels.
You also visited: Sewer, Ice Cave and Volcano.

You collected 2706 gold pieces.
You spent 2297 gold pieces at shops.

Inventory:

Hand Weapons
 a - a +2 rapier of flaming (weapon)
 g - a +3 short sword of protection
 y - a +7 short sword of freezing
Missiles
 d - 15 atropa-tipped darts
 m - 11 silver javelins
 n - 25 boomerangs (quivered)
 p - 8 datura-tipped darts
 S - 2 poisoned darts
 Y - a curare-tipped dart
 Z - 3 throwing nets
Armour
 c - a +0 pair of boots (worn)
 s - a +2 pair of gloves (worn)
 t - a +1 cloak of fire resistance (worn)
 x - a +0 helmet (worn)
 B - a +2 shield of reflection (worn)
 D - a +3 plate armour of poison resistance (worn)
Jewellery
 q - a ring of see invisible (right hand)
 K - a ring of protection from fire (left hand)
Wands
 h - a wand of random effects (21)
 z - a wand of digging (8)
 N - a wand of polymorph (5)
 Q - a wand of iceblast (8)
 R - a wand of clouds (1)
Scrolls
 i - 2 scrolls of blinking
 r - 8 scrolls of remove curse
 w - 9 scrolls of teleportation
 E - a scroll of holy word {unknown}
 F - 3 scrolls of magic mapping
 G - 4 scrolls of fog
 J - 2 scrolls of fear
 O - 2 scrolls of immolation
 T - a scroll of noise {unknown}
Potions
 b - a potion of cancellation
 e - a potion of brilliance
 k - a potion of magic
 l - 2 potions of might
 o - 3 potions of lignification
 v - 12 potions of curing
 C - a potion of invisibility
 I - 5 potions of haste
 P - a potion of agility
 U - 2 potions of ambrosia
 X - a potion of berserk rage
Books
 W - a manual of Stealth
Miscellaneous
 u - a lightning rod (2/4)
 A - a lamp of fire (inert)
 H - a fan of gales
 V - a sack of spiders
Comestibles
 f - 42 rations


   Skills:
 * Level 10.6 Fighting
 + Level 11.3(11.7) Short Blades
   Level 5.0(8.9) Long Blades
 - Level 10.0 Throwing
 * Level 11.1 Armour
 - Level 7.0 Dodging
 * Level 14.4 Stealth
 * Level 8.3 Shields
 * Level 6.9 Evocations


You had 16 spell levels left.
You didn't know any spells.
Your spell library contained the following spells:

 Spells                   Type           Power        Failure   Level  Hunger
 Confusing Touch          Hex            #.....       100%        1    ##.....
 Corona                   Hex            #......      100%        1    ##.....
 Magic Dart               Conj           #...         100%        1    ##.....
 Shock                    Conj/Air       #...         100%        1    ##.....
 Blink                    Tloc           N/A          100%        2    ###....
 Call Imp                 Summ           #.......     100%        2    ###....
 Ensorcelled Hibernation  Hex/Ice        #.....       100%        2    ###....
 Slow                     Hex            #.......     100%        2    ###....
 Swiftness                Chrm/Air       #.......     100%        2    ###....
 Confuse                  Hex            #.......     100%        3    ####...
 Conjure Flame            Conj/Fire      #.......     100%        3    ####...
 Dazzling Spray           Conj/Hex       #.....       100%        3    ####...
 Gell's Gravitas          Tloc           #.........   100%        3    ####...
 Mephitic Cloud           Conj/Pois/Air  #.......     100%        3    ####...
 Static Discharge         Conj/Air       #.......     100%        3    ####...
 Tukima's Dance           Hex            #.......     100%        3    ####...
 Airstrike                Air            #.........   100%        4    #####..
 Petrify                  Tmut/Erth      #.......     100%        4    #####..
 Lightning Bolt           Conj/Air       #.........   100%        5    ######.
 Metabolic Englaciation   Hex/Ice        #.........   100%        5    ######.
 Yara's Violent Unravell  Hex/Tmut       #.........   100%        5    ######.


Dungeon Overview and Level Annotations

Branches:
Dungeon (14/15)            Temple (1/1) D:6            Lair (6/6) D:11
  Swamp (1/4) Lair:4       Spider (3/4) Lair:3        Slime (0/5) Lair:6
    Orc (2/2) D:10            Elf (0/3) Orc:2
 Vaults: D:13-14

Altars:
Ashenzari
Cheibriados
Dithmenos
Fedhas
Gozag
Hepliaklqana
Makhleb
Nemelex Xobeh
Okawaru
Qazlal
Ru
Sif Muna
Trog
Uskayaw
Wu Jian
Xom
Yredelemnul
Zin
Beogh

Shops:
D:8 }(   D:11 ([!%   Orc:2 [[*[

Portals:
Trove: D:10 (give +4 shadow dragon scales)

Annotations:
Lair:2 exclusion: oklob plant
Lair:6 2 transporters, GameOver's ghost, journeyman NaWz IceCv exclusion: ice statue


Innate Abilities, Weirdness & Mutations

You have razor-sharp teeth.
You heal very quickly.
When hurt, damage is shared between your health and your magic reserves.
Your bite disrupts and absorbs the magic of your enemies.
Potions cannot restore your health.
You are immune to rotting.


Message History

The anaconda simulacrum bites you but does no damage.
Your magical contamination has completely faded away.
You feel the effects of Trog's Hand fading.
The anaconda simulacrum constricts you but does no damage.
The anaconda simulacrum bites you.
* * * LOW HITPOINT WARNING * * *
The anaconda simulacrum freezes you!!
* * * LOW HITPOINT WARNING * * *
The anaconda simulacrum constricts you but does no damage.
The anaconda simulacrum bites you but does no damage.
The anaconda simulacrum constricts you but does no damage.
You block the anaconda simulacrum's attack.
You block the anaconda simulacrum's attack. x2
Your skin stops crawling.
You feel less resistant to hostile enchantments.
The anaconda simulacrum barely misses you.
The anaconda simulacrum bites you.
* * * LOW HITPOINT WARNING * * *
The anaconda simulacrum freezes you!!
You die...

.##≈≈≈≈≈≈≈##..#########..###≈≈###
§°≈≈≈≈≈≈≈≈###4.##.(.[.##...#≈##.§
§#≈≈≈≈≈≈≈≈#..###...⌠...#..####..#
.##°≈≈≈≈≈##...##..(.(....##**,,,,
1°###≈≈≈##..#########...##≈*,,**#
#§≈#*≈≈≈*###4###≈≈≈#..###≈**,,,*#
..##**≈≈≈≈*##..#≈≈≈#..# ***,,****
.## *≈≈≈≈≈*#...####..##**,,***≈≈#
#* *≈≈≈≈≈≈###.Z@##.##**,,**≈≈≈≈#
* *≈≈≈≈≈≈**###...##**,,**≈≈≈≈*#
*****≈≈≈≈≈≈≈≈**##### *,,,***≈≈**Y
*,,****≈≈≈≈≈≈≈**** *,,*,,****○§
,,,,,****≈≈≈≈≈≈≈≈*** **,*,,,**###
,,,,,,**≈≈≈≈≈≈≈≈≈≈≈** **,**,,,**,
,,,,,**≈≈≈≈≈≈≈≈≈≈≈≈≈* *******,,,
******≈≈≈≈≈≈≈≈≈≈≈≈≈** ****
***************


You could see an ice devil and an anaconda simulacrum.

Vanquished Creatures
  Jorgrun (D:13)
  Kirke (D:12)
  A red draconian (Volcano)
  A stone giant (Orc:2)
  Nessos (D:13)
  An ettin (Orc:2)
  Snorg (Orc:2)
  4 vault guards (D:13)
  7 hydras
  A centaur warrior (Volcano)
  Erica (Lair:2)
  5 catoblepae
  3 two-headed ogres
  5 death yaks (Lair:6)
  Urug (Lair:5)
  3 orc high priests
  A fire crab (Lair:6)
  An unseen horror (D:9)
  3 orc knights (Orc:2)
  14 wolf spiders
  2 orb spiders
  2 orc sorcerers
  2 ugly things
  2 manticores (Lair:6)
  4 elephants (Lair:3)
  3 cyclopes
  7 black mambas
  A moth of wrath (Spider:2)
  12 spiny frogs
  2 torpor snails
  2 rime drakes
  A golden dragon simulacrum (IceCv)
  3 yaktaurs (Volcano)
  3 freezing wraiths
  2 ice devils (IceCv)
  5 komodo dragons
  4 demonic crawlers
  A queen bee (Lair:3)
  4 trolls
  2 hornets
  A polar bear (Lair:4)
  A wolf spider simulacrum (IceCv)
  12 jumping spiders
  15 blink frogs
  4 dream sheep (Lair:5)
  5 slime creatures
  A bog body (Lair:4)
  8 hippogriffs
  43 redbacks
  2 wraiths
  Sigmund (D:6)
  A vampire (D:9)
  7 tarantellas
  4 wyverns
  30 yaks
  4 humans
  9 hogs
  4 dire elephant simulacra (IceCv)
  3 basilisks
  2 hungry ghosts (D:12)
  3 wargs (Orc:1)
  An acid dragon (D:11)
  An iron troll simulacrum (IceCv)
  3 harpy simulacra (IceCv)
  3 hydra simulacra (IceCv)
  6 porcupines
  23 water moccasins
  An ice beast (D:11)
  An ettin simulacrum (IceCv)
  5 necrophages
  9 sky beasts
  13 ogres
  24 orc warriors
  3 phantoms
  8 wolves
  An ogre (shapeshifter) (D:13)
  11 centaurs
  16 crocodiles
  4 big kobolds
  Blork the orc (D:6)
  12 bullfrogs
  A wyvern zombie (D:9)
  A wyvern skeleton (D:3)
  A water moccasin skeleton (D:4)
  7 scorpions
  35 killer bees
  2 howler monkeys
  11 wights
  3 bullfrog zombies
  3 crimson imps
  2 centaur zombies
  A draconian simulacrum (IceCv)
  8 hounds
  3 jellies
  17 orc priests
  22 orc wizards
  4 bullfrog skeletons
  6 hell rats (Lair:5)
  6 iguanas
  3 centaur skeletons
  6 worker ants
  2 spriggan simulacra (IceCv)
  4 troll simulacra (IceCv)
  A killer bee zombie (D:6)
  A wolf simulacrum (IceCv)
  A hound skeleton (D:6)
  2 mummies
  A worker ant zombie (D:5)
  16 adders
  A howler monkey skeleton (D:8)
  3 gnolls (D:6)
  2 ogre simulacra (IceCv)
  13 river rats
  4 naga simulacra (IceCv)
  3 shadow imps
  3 white imps (IceCv)
  6 ufetubi (IceCv)
  6 oozes
  2 adder skeletons
  4 worms
  3 dart slugs
  10 leopard geckos
  65 orcs
  7 giant cockroaches
  9 goblins
  6 hobgoblins
  14 jackals
  9 quokkas
  12 ball pythons
  4 bats
  7 frilled lizards
  25 kobolds
  A quokka zombie (D:9)
  47 rats
862 creatures vanquished.

Vanquished Creatures (collateral kills)
  An orc warlord (Orc:2)
  An orc high priest (Orc:2)
  2 orc sorcerers (Orc:2)
  An orc knight (Orc:2)
  A freezing wraith (D:14)
  A troll (Orc:2)
  3 dream sheep (Lair:5)
  An orc priest (Orc:2)
  3 orcs (Orc:2)
14 creatures vanquished.

Vanquished Creatures (others)
  A vault guard (D:13)
  A crocodile (Lair:6)
  2 white imps (IceCv)
  3 ufetubi (IceCv)
  A butterfly (Lair:6)
  7 fungi
  8 plants
23 creatures vanquished.

Grand Total: 899 creatures vanquished

Notes
Turn   | Place    | Note
-------+----------+-------------------------------------------
     0 | D:1      | MordorOrchid the Vine Stalker Assassin began the quest for
                  | the Orb.
     0 | D:1      | Reached XP level 1. HP: 11/11 MP: 2/2
    66 | D:1      | Reached skill level 5 in Stealth
   122 | D:1      | Reached XP level 2. HP: 15/15 MP: 3/3
   351 | D:1      | Reached XP level 3. HP: 11/18 MP: 4/4
   687 | D:2      | Gained mutation: Your natural rate of healing is unusually
                  | fast. [Vine Stalker growth]
   687 | D:2      | Reached XP level 4. HP: 15/23 MP: 5/5
   805 | D:2      | Found an ornate altar of the Wu Jian Council.
   808 | D:2      | Found a sparkling altar of Nemelex Xobeh.
   808 | D:2      | Found a snail-covered altar of Cheibriados.
   810 | D:2      | Found a hide-covered altar of Uskayaw.
   812 | D:2      | Found an iron altar of Okawaru.
   814 | D:2      | Found a shimmering altar of Xom.
   831 | D:2      | Found a stormy altar of Qazlal.
   859 | D:2      | Reached skill level 1 in Armour
   936 | D:2      | Reached skill level 6 in Stealth
  1104 | D:3      | Reached XP level 5. HP: 27/27 MP: 6/6
  1501 | D:3      | Reached XP level 6. HP: 27/32 MP: 5/7
  1585 | D:3      | Found a shattered altar of Ashenzari.
  2116 | D:4      | Found a burning altar of Makhleb.
  2125 | D:4      | Found a sacrificial altar of Ru.
  2162 | D:4      | Reached skill level 7 in Stealth
  2162 | D:4      | Reached XP level 7. HP: 30/36 MP: 6/8
  2374 | D:4      | Found a basalt altar of Yredelemnul.
  2374 | D:4      | Found a shadowy altar of Dithmenos.
  2638 | D:5      | Entered Level 5 of the Dungeon
  2689 | D:5      | Found a glowing drain.
  2700 | Sewer    | Entered a sewer
  3038 | Sewer    | Gained mutation: You have razor-sharp teeth. [Vine Stalker
                  | growth]
  3038 | Sewer    | Reached XP level 8. HP: 13/42 MP: 3/9
  3659 | D:5      | Upgraded the game from 0.24-a0-528-g98e85ec62a to
                  | 0.24-a0-530-g18ba70b503
  3696 | D:5      | Reached skill level 5 in Short Blades
  3897 | D:6      | Reached skill level 8 in Stealth
  3928 | D:6      | Reached skill level 1 in Dodging
  3944 | D:6      | Noticed Blork the orc
  3974 | D:6      | Killed Blork the orc
  4093 | D:6      | Reached XP level 9. HP: 45/45 MP: 10/10
  4241 | D:6      | Found a staircase to the Ecumenical Temple.
  4255 | Temple   | Entered the Ecumenical Temple
  4262 | Temple   | Became a worshipper of Trog the Wrathful
  4294 | D:6      | Noticed Sigmund
  4331 | D:6      | Killed Sigmund
  4376 | D:6      | Noticed a two-headed ogre
  4477 | D:6      | Killed a two-headed ogre
  4477 | D:6      | Reached skill level 5 in Throwing
  4477 | D:6      | Reached skill level 9 in Stealth
  5165 | D:7      | Reached * piety under Trog
  5296 | D:7      | Reached XP level 10. HP: 45/49 MP: 9/11
  5372 | D:7      | Reached skill level 5 in Armour
  5696 | D:8      | Found a glowing silver altar of Zin.
  5716 | D:8      | Found Obrionn's Gadget Emporium.
  5731 | D:8      | Bought a wand of clouds (6) for 360 gold pieces
  5744 | D:8      | Found Judghake's Antique Weapon Boutique.
  5950 | D:8      | Noticed a two-headed ogre
  5986 | D:8      | Killed a two-headed ogre
  6028 | D:8      | Reached ** piety under Trog
  6611 | D:9      | Noticed a brown ugly thing
  6645 | D:9      | Killed an unseen horror
  6645 | D:9      | Reached XP level 11. HP: 51/53 MP: 12/12
  6651 | D:9      | Killed a brown ugly thing
  6863 | D:9      | Reached skill level 5 in Dodging
  6999 | D:10     | Entered Level 10 of the Dungeon
  7119 | D:10     | Found a sparkling altar of Nemelex Xobeh.
  7213 | D:10     | Reached *** piety under Trog
  7460 | D:10     | Received a gift from Trog
  7487 | D:10     | Found a staircase to the Orcish Mines.
  7586 | D:10     | Noticed a two-headed ogre
  7610 | D:10     | Killed a two-headed ogre
  7702 | D:10     | Found a portal to a secret trove of treasure.
  7968 | D:11     | Reached skill level 10 in Throwing
  8002 | D:11     | Found Huad's Weapon Boutique.
  8012 | D:11     | Bought a throwing net for 54 gold pieces
  8233 | D:11     | Reached **** piety under Trog
  8287 | D:11     | Found a staircase to the Lair.
  8764 | D:11     | You fall into a shaft and drop 3 floors!
  8788 | D:14     | Gained mutation: You heal very quickly. [Vine Stalker
                  | growth]
  8788 | D:14     | Reached XP level 12. HP: 59/59 MP: 13/13
  8879 | D:13     | Reached skill level 5 in Fighting
  8955 | D:13     | Noticed Jorgrun
  8976 | D:13     | Killed Jorgrun
  9105 | D:13     | Killed a vault guard
  9163 | D:13     | Noticed Nessos
  9174 | D:13     | Killed Nessos
  9291 | D:13     | Noticed a catoblepas
  9374 | D:13     | Reached skill level 1 in Evocations
  9379 | D:13     | Noticed a four-headed hydra
  9473 | D:13     | Noticed a vault guard
  9507 | D:13     | Killed a vault guard
  9515 | D:13     | Noticed a two-headed ogre
  9587 | D:13     | Noticed a vault guard
  9594 | D:13     | Noticed a vault guard
  9595 | D:13     | Noticed a vault guard
  9612 | D:13     | Killed a vault guard
  9646 | D:13     | Killed a vault guard
  9655 | D:13     | Killed a vault guard
  9837 | D:13     | Killed a catoblepas
  9837 | D:13     | Reached XP level 13. HP: 58/66 MP: 12/15
  9853 | D:13     | Received a gift from Trog
 10104 | D:11     | Found Ovvucabb's Distillery.
 10144 | D:11     | Found Nitru's Armour Shoppe.
 10147 | D:11     | Bought a +0 shield for 81 gold pieces
 10232 | D:11     | Found Loclikh's Food Emporium.
 10447 | D:11     | Found a deep blue altar of Sif Muna.
 10679 | D:12     | Noticed Kirke
 10706 | D:12     | Killed Kirke
 10706 | D:12     | Received a gift from Trog
 10706 | D:12     | Reached skill level 1 in Shields
 11259 | Lair:1   | Entered Level 1 of the Lair of Beasts
 11783 | Lair:2   | You fall into a shaft and drop 1 floor!
 11907 | Lair:2   | Noticed Erica
 11929 | Lair:2   | Reached ***** piety under Trog
 11967 | Lair:2   | Killed Erica
 12501 | Lair:3   | Reached skill level 10 in Stealth
 12571 | Lair:3   | Found a hole to the Spider Nest.
 12679 | Lair:3   | Reached XP level 14. HP: 66/73 MP: 18/18
 12747 | Lair:3   | Received a gift from Trog
 12856 | Lair:4   | Identified a scroll of acquirement
 13012 | Lair:4   | Found a staircase to the Swamp.
 13156 | Lair:4   | Received a gift from Trog
 13215 | Lair:4   | Reached skill level 10 in Armour
 13410 | Lair:5   | Reached skill level 11 in Stealth
 13485 | Lair:5   | Noticed Urug
 13524 | Lair:5   | Killed Urug
 13670 | Lair:5   | Reached skill level 10 in Short Blades
 13917 | Lair:5   | Reached skill level 5 in Evocations
 14218 | Lair:6   | Entered Level 6 of the Lair of Beasts
 14484 | Lair:6   | Found a staircase to the Slime Pits.
 14521 | Lair:6   | Reached skill level 12 in Stealth
 14525 | Lair:6   | Noticed GameOver's ghost (journeyman NaWz)
 14537 | Lair:6   | Found a transporter.
 14618 | Lair:6   | Found a transporter.
 14784 | Lair:6   | Reached skill level 5 in Shields
 15334 | Lair:6   | Reached XP level 15. HP: 66/79 MP: 18/20
 15485 | Lair:6   | Received a gift from Trog
 15755 | Swamp:1  | Entered Level 1 of the Swamp
 15966 | Orc:1    | Entered Level 1 of the Orcish Mines
 16192 | Orc:1    | Found a dark tunnel.
 16213 | Volcano  | Entered a volcano
 16245 | Volcano  | Found a bloodstained altar of Trog.
 16373 | Volcano  | Reached skill level 13 in Stealth
 16506 | Orc:1    | Upgraded the game from 0.24-a0-530-g18ba70b503 to
                  | 0.24-a0-535-gbb0d440638
 16655 | Orc:2    | Entered Level 2 of the Orcish Mines
 16669 | Orc:2    | Found a staircase to the Elven Halls.
 17223 | Orc:2    | Paralysed by an orc sorcerer for 2 turns
 17273 | Orc:2    | Found Akirhiggoo's Antique Armour Boutique.
 17273 | Orc:2    | Found Natecer's Armour Emporium.
 17280 | Orc:2    | Found Ybenow's Armour Boutique.
 17280 | Orc:2    | Found Vonu's Assorted Antiques.
 17288 | Orc:2    | Bought a +2 shield of reflection for 240 gold pieces
 17397 | Orc:2    | Received a gift from Trog
 17489 | Orc:2    | Noticed Snorg
 17503 | Orc:2    | Killed Snorg
 17503 | Orc:2    | Reached skill level 10 in Fighting
 17590 | Orc:2    | Noticed an orc warlord
 17617 | Orc:2    | Killed an orc warlord
 17866 | Orc:1    | You fall into a shaft and drop 1 floor!
 18096 | Orc:2    | Bought a scroll of fog for 64 gold pieces
 18099 | Orc:2    | Bought a slimy plate armour for 952 gold pieces
 18099 | Orc:2    | Identified the cursed +0 plate armour of Geosekk {rPois
                  | Stlth+} (You bought it in a shop on level 2 of the Orcish
                  | Mines)
 18106 | Orc:2    | Bought a +3 plate armour of poison resistance for 546 gold
                  | pieces
 18116 | Orc:2    | Upgraded the game from 0.24-a0-535-gbb0d440638 to
                  | 0.24-a0-536-gdd4cf15266
 18366 | Spider:1 | Entered Level 1 of the Spider Nest
 18470 | Spider:1 | Received a gift from Trog
 18886 | Spider:2 | Reached skill level 5 in Long Blades
 18886 | Spider:2 | Reached XP level 16. HP: 76/85 MP: 21/21
 19069 | Spider:2 | Reached skill level 14 in Stealth
 19131 | Spider:2 | Found a roughly hewn altar of Beogh.
 19142 | Spider:2 | Reached XP level 17. HP: 78/90 MP: 20/23
 19393 | Spider:3 | Upgraded the game from 0.24-a0-536-gdd4cf15266 to
                  | 0.24-a0-537-g2d01d4ab0a
 19407 | Spider:3 | Received a gift from Trog
 19466 | Spider:3 | Found a frozen archway.
 19487 | IceCv    | Entered an ice cave
 19995 | IceCv    | Received a gift from Trog
 20239 | IceCv    | Noticed an Ice Fiend
 20320 | IceCv    | Mangled by an anaconda simulacrum

Levels and vault maps discovered:
D:1:      dpeg_arrival_ternary, layout_basic, minmay_pentomino_x4
D:2:      layout_rooms, lemuel_crystal_altar, old_standard_altar,
          grunt_temple_overflow_open, first_ration, kennysheep_generic_room_6
D:3:      layout_loops_ring, nicolae_ashenzari_panopticon
D:4:      layout_basic, kennysheep_mini, nicolae_ru_sacrificial_ziggurat,
          gammafunk_temple_overflow_statue
D:5:      layout_basic, portal_sewer_entry_d, serial_glass, glass_columns_a,
          glass_columns_c
D:6:      lemuel_ratsnest, layout_loops_ring, temple_green, uniq_sigmund,
          uniq_blork_the_orc
D:7:      layout_gridville, grunt_livestock, serial_bayou_pond_e
D:8:      layout_layer_cave, zin_scriptorium, serial_shops,
          nicolae_shop_competitors_out_of_business, shop
D:9:      minmay_the_grid_triangle_9x9_recursive_2
          [minmay_the_grid_triangle_9x9_prize_top_heavy,
          minmay_the_grid_triangle_9x9_sparse_checkered,
          minmay_the_grid_triangle_9x9_steps,
          minmay_the_grid_triangle_9x9_thin_v], layout_rooms
D:10:     layout_loops_ring, hiddenorc1_lemuel, nicolae_trove_entry_columns,
          nemelex_xobeh_ov_fountains_minmay
D:11:     layout_long_grid, erik_lair_dragon, serial_undead, serial_undead_d,
          serial_undead_b, serial_undead_b, serial_undead_b, serial_shops,
          nicolae_shop_stone, shop, nicolae_shop_crystal, shop,
          lemuel_blue_sif_altar
D:12:     layout_gridville, uniq_kirke
D:13:     layout_loops_ring, ximxim_vaults_locker_room, uniq_jorgrun,
          uniq_nessos
D:14:     minmay_elf_outpost, layout_long_grid
Temple:   compressed_dpeg_triangle_lava_temple
Lair:1:   layout_hall_layers, grunt_megastairs_2
Lair:2:   layout_cave_shapes, minmay_lair_oklob_chamber, uniq_erica
Lair:3:   layout_cave_shapes, spider_nest_entry_rubble, special_room
          [special_room_bee], kennysheep_catoblepas_arena
Lair:4:   layout_hall_layers, skrybe_swamp_entry_bodies
Lair:5:   beast_lair_carwin_large_3, layout_gridlike, uniq_urug
Lair:6:   evilmike_catoblepas_cave, layout_cave_pods,
          nicolae_slime_entry_slimehenge, gammafunk_ghost_berserking_beasts,
          lemuel_fruit_fields
Swamp:1:  layout_falls_marsh, nicolae_swamp_orc_logging_accident
Spider:1: layout_spider_delve
Spider:2: nicolae_spider_mines_2
Spider:3: layout_spider_delve, portal_ice_cave_entry_pillars_1, drop_trap
Orc:1:    layout_caves, lightli_volcano_entry_magma_tube
Orc:2:    grunt_orc_tribal_feast, layout_caves, uniq_snorg
IceCv:    ice_cave_caverns_02

Skill      XL: |  1  2  3  4  5  6  7  8  9 10 11 12 13 14 15 16 17 |
---------------+----------------------------------------------------+-----
Stealth        | 5 6 7 8 9 10 12 13 14 | 14.4
Fighting       | 2 3 4 6 8 9 10 | 10.6
Short Blades   | 2 3 4 6 8 9 10 11 | 11.3
Armour         | 1 2 3 4 6 7 9 10 11 | 11.1
Throwing       | 2 3 6 8 10 | 10.0
Dodging        | 1 3 4 5 6 7 |  7.0
Evocations     | 2 4 5 6 |  6.9
Shields        | 2 5 7 8 |  8.3
Long Blades    | 5 |  5.0

Action                   |  1- 3 |  4- 6 |  7- 9 | 10-12 | 13-15 | 16-18 || total
-------------------------+-------+-------+-------+-------+-------+-------++-------
Melee: Short sword       |    32 |    56 |   297 |   738 |  1362 |   184 ||  2669
       Bite              |     5 |    10 |    79 |   284 |   501 |   127 ||  1006
       Dagger            |       |       |       |    36 |       |       ||    36
       Rapier            |       |       |       |       |    13 |    99 ||   112
 Fire: Hunting sling     |       |    64 |    93 |    39 |     9 |       ||   205
       Shortbow          |       |       |       |    14 |       |       ||    14
Throw: Dart              |    26 |    24 |    57 |   153 |    21 |     1 ||   282
       Javelin           |     4 |     2 |       |    11 |   102 |       ||   119
       Boomerang         |       |       |       |       |   351 |   154 ||   505
Invok: Berserk           |       |       |       |     7 |     7 |     2 ||    16
       Trog's Hand       |       |       |       |     9 |     3 |     4 ||    16
       Brothers in Arms  |       |       |       |     1 |     4 |       ||     5
Evoke: Wand              |       |       |       |     8 |     3 |     2 ||    13
       Lightning rod     |       |       |       |     5 |     7 |     5 ||    17
       Fan of gales      |       |       |       |       |     1 |       ||     1
       Lamp of fire      |       |       |       |       |       |     1 ||     1
  Use: Potion            |     2 |     1 |     2 |     1 |     3 |     1 ||    10
       Scroll            |       |     3 |     4 |    11 |    22 |     3 ||    43
 Stab: Sleeping          |     6 |    10 |    12 |    12 |    15 |     1 ||    56
       Invisible         |       |       |     1 |     1 |     5 |       ||     7
       Distracted        |       |       |       |     3 |     2 |       ||     5
       Confused          |       |       |       |     3 |     1 |       ||     4
  Eat: Chunk             |       |     4 |    10 |    26 |    39 |     4 ||    83
       Ration            |       |       |       |       |       |     1 ||     1
Armor: Robe              |     1 |     9 |       |       |       |       ||    10
       Leather armour    |       |    14 |    48 |       |       |       ||    62
       Scale mail        |       |       |    80 |   307 |   304 |       ||   691
       Chain mail        |       |       |       |       |    75 |       ||    75
       Plate armour      |       |       |       |       |   104 |   144 ||   248
Dodge: Dodged            |    13 |    41 |   162 |   344 |   375 |    59 ||   994
Block: Shield            |       |       |       |       |   468 |   162 ||   630

Table legend:
 A = Non-vault XP
 B = Vault XP
 C = Vault XP percentage of total XP
 D = Non-vault monster count
 E = Vault monster count
 F = Vault count percentage of total count
                 A         B        C        D         E       F
            +---------+---------+-------+---------+---------+-------
      Total |   87703 |   56472 |  39.2 |     560 |     316 |  36.1
            +---------+---------+-------+---------+---------+-------
        D:1 |      26 |      14 |  35.0 |      15 |       4 |  21.1
        D:2 |      83 |       9 |   9.8 |      22 |       3 |  12.0
        D:3 |     305 |       0 |   0.0 |      36 |       0 |   0.0
        D:4 |     405 |       0 |   0.0 |      15 |       0 |   0.0
        D:5 |     531 |      13 |   2.4 |      15 |       1 |   6.2
        D:6 |    1942 |     686 |  26.1 |      26 |      35 |  57.4
        D:7 |     478 |    1004 |  67.7 |      18 |       5 |  21.7
        D:8 |    1792 |       0 |   0.0 |      20 |       0 |   0.0
        D:9 |    1554 |    2625 |  62.8 |      24 |      17 |  41.5
       D:10 |    3606 |     316 |   8.1 |      28 |      17 |  37.8
       D:11 |    2607 |    1530 |  37.0 |      35 |      12 |  25.5
       D:12 |    2770 |    3114 |  52.9 |      14 |       8 |  36.4
       D:13 |    5351 |    9008 |  62.7 |      27 |       9 |  25.0
       D:14 |     189 |       0 |   0.0 |       1 |       0 |   0.0
     Lair:1 |    2070 |     575 |  21.7 |      10 |       2 |  16.7
     Lair:2 |    3946 |    1574 |  28.5 |      19 |       4 |  17.4
     Lair:3 |    6470 |    2083 |  24.4 |      22 |      27 |  55.1
     Lair:4 |    4047 |    1607 |  28.4 |      17 |       3 |  15.0
     Lair:5 |    7537 |    3647 |  32.6 |      36 |      11 |  23.4
     Lair:6 |    8568 |   10888 |  56.0 |      20 |      26 |  56.5
   Spider:1 |    6778 |       0 |   0.0 |      25 |       0 |   0.0
   Spider:2 |    9589 |    1389 |  12.7 |      30 |       4 |  11.8
   Spider:3 |    7317 |       0 |   0.0 |      22 |       0 |   0.0
      Orc:1 |    4019 |       0 |   0.0 |      33 |       0 |   0.0
      Orc:2 |    5723 |    7848 |  57.8 |      30 |      31 |  50.8
      Sewer |       0 |     346 | 100.0 |       0 |      48 | 100.0
      IceCv |       0 |    4551 | 100.0 |       0 |      41 | 100.0
    Volcano |       0 |    3645 | 100.0 |       0 |       8 | 100.0
            +---------+---------+-------+---------+---------+-------
